 Dungeon Crawl Stone Soup version 0.30.0-30-g96aa6591b8 (webtiles) character file.

Game seed: 5423550077406321190

90 GimliDwarf the Sneak (level 4, 0/32 HPs)
             Began as a Gnoll Wanderer on June 28, 2023.
             Slain by an adder (2 damage)
             ... on level 3 of the Dungeon.
             The game lasted 00:07:38 (2305 turns).

GimliDwarf the Sneak (Gnoll Wanderer)               Turns: 2305, Time: 00:07:38

Health: 0/32       AC:  3    Str:  8    XL:     4   Next: 56%
Magic:  1/8        EV: 12    Int: 13    God:
Gold:   126        SH:  0    Dex: 15    Spells: 6/9 levels left

rFire   . . .        o - +0 short sword
rCold   . . .        (no shield)
rNeg    . . .        d - +0 robe
rPois   .            (no helmet)
rElec   .            (no cloak)
rCorr   .            (no gloves)
SInv    .            b - +0 pair of boots
Will    .....        (no amulet)
Stlth   +++          (no ring)
HPRegen 0.25/turn    (no ring)
MPRegen 0.11/turn

%: no passive effects
@: no status effects
A: fangs 1, strong nose, distributed training
a: no special abilities


You were on level 3 of the Dungeon.
You visited 1 branch of the dungeon, and saw 3 of its levels.

You collected 126 gold pieces.

Inventory:

Hand Weapons
 o - a +0 short sword (weapon)
Armour
 b - a +0 pair of boots (worn)
 d - a +0 robe (worn)
Wands
 p - a wand of charming (6)
Scrolls
 g - a scroll of magic mapping {unknown}
 h - 2 scrolls of blinking {unknown}
 j - a scroll of identify {unknown}
 k - a scroll of teleportation {unknown}
 l - a scroll of fog {unknown}
 n - a scroll of enchant weapon {unknown}
Potions
 a - a potion of curing {unknown}
 c - a potion of heal wounds
 e - a potion of lignification
 f - a potion of attraction {unknown}
 i - a potion of resistance {unknown}
 m - a potion of berserk rage {unknown}
 q - a potion of might {unknown}


   Skills:
 + Level 1.2 Fighting
 + Level 1.2 Short Blades
 + Level 1.2 Long Blades
 + Level 1.2 Axes
 + Level 1.2 Maces & Flails
 + Level 1.2 Polearms
 + Level 1.2 Staves
 + Level 1.2 Ranged Weapons
 + Level 1.2 Throwing
 + Level 2.8 Armour
 + Level 1.2 Dodging
 + Level 6.1 Stealth
 + Level 1.2 Shields
 + Level 4.7 Unarmed Combat
 + Level 3.0 Spellcasting
 + Level 1.0 Conjurations
 + Level 1.0 Hexes
 + Level 1.0 Summonings
 + Level 1.0 Necromancy
 + Level 1.0 Translocations
 + Level 1.0 Transmutations
 + Level 5.5 Fire Magic
 + Level 1.0 Ice Magic
 + Level 1.0 Air Magic
 + Level 1.0 Earth Magic
 + Level 1.0 Poison Magic
 + Level 1.3 Invocations
 + Level 1.2 Evocations


You had 6 spell levels left.
You knew the following spells:

 Your Spells              Type           Power      Damage    Failure   Level
a - Foxfire               Conj/Fire      40%        2x1d6     6%          1
b - Scorch                Fire           32%        2d6       3%          2

Your spell library contained the following spells:

 Spells                   Type           Power      Damage    Failure   Level
 Inner Flame              Hex/Fire       10%        N/A       19%         3


Dungeon Overview and Level Annotations

Branches:
Dungeon (3/15)

Altars:


Innate Abilities, Weirdness & Mutations

You have very sharp teeth.
Your uncanny sense of smell can sniff out nearby items.
Your experience applies equally to all skills.


Message History

The orc hits you with a +0 falchion. The orc closely misses you.
You hit the orc.
The orc is almost dead.
The orc hits you with a +0 falchion. The orc hits you but does no damage.
You barely miss the orc.
The orc is almost dead.
The orc misses you. The orc barely misses you.
You barely miss the orc.
The orc is almost dead.
The orc hits you with a +0 club. The orc hits you with a +0 falchion.
You barely miss the orc. Your bite misses the orc.
The orc is almost dead.
The orc hits you but does no damage. The orc closely misses you.
You barely miss the orc.
The orc is severely wounded.
The orc hits you but does no damage. The orc hits you with a +0 club.
You hit the orc but do no damage.
The orc is severely wounded.
The orc hits you with a +0 falchion. The orc closely misses you.
Casting: Foxfire (safe; 6% risk of failure)
Press: ? - help, Q - select action, (/) - cycle Dir - look around, f - activate You conjure some foxfire!
The orc hits you with a +0 club.
* * * LOW HITPOINT WARNING * * *
The orc completely misses you.
You hit the orc.
The orc is severely wounded.
The foxfire hits the orc.
You kill the orc!
The foxfire hits the orc but does no damage.
The orc hits you with a +0 club.
* * * LOW HITPOINT WARNING * * *
The orc barely misses you. The orc attacks as you move away!
The orc barely misses you. The orc attacks as you move away!
The orc hits you with a +0 club.
* * * LOW HITPOINT WARNING * * *
Things that are here:
a +0 dagger; an orc corpse The adder bites you but does no damage.
The adder bites you.
You die...

.########...#.##.##.#
.###........#.##.##.##
.....................#
####.##.........).###.#
#..........##v##### #
#........###.##)..##.###
# #.##.....#
#............ #
#.####..## #..#†..#..##
# #.###...# ##@##.##..##
# #.....†.# #oS#S#.....
# #####...# #.#...#..# #
#...# #.......... ##
#.<.# #.....>.###
.#######...######.#.##.#
..................#.# .#
..................... #
.#...................#


You could see an adder and an orc.

Vanquished Creatures
  3 adders (D:3)
  2 dart slugs
  6 orcs (D:3)
  3 ball pythons
  4 endoplasms
  2 giant cockroaches
  5 goblins
  3 hobgoblins
  5 kobolds
  4 quokkas
  7 bats
  2 frilled lizards
  2 rats
48 creatures vanquished.

Vanquished Creatures (others)
  110 foxfires
110 creatures vanquished.

Grand Total: 158 creatures vanquished

Notes
Turn   | Place    | Note
-------+----------+-------------------------------------------
     0 | D:1      | GimliDwarf the Gnoll Wanderer began the quest for the Orb.
     0 | D:1      | GimliDwarf set off with the following items: a +0 dagger, a
                  | +0 pair of boots, a potion of heal wounds, a +0 robe, a
                  | potion of lignification; and the following spell memorised:
                  | Foxfire; and the following spells available to memorise:
                  | Scorch, Inner Flame.
     0 | D:1      | Reached XP level 1. HP: 13/13 MP: 4/4
   315 | D:1      | Reached XP level 2. HP: 19/19 MP: 3/5
   897 | D:1      | Learned a level 2 spell: Scorch
  1290 | D:2      | Reached XP level 3. HP: 25/25 MP: 4/7
  1420 | D:2      | Reached skill level 6 in Stealth
  1832 | D:3      | Reached skill level 1 in Invocations
  1851 | D:3      | Reached skill level 1 in Fighting
  1851 | D:3      | Reached skill level 1 in Short Blades
  1851 | D:3      | Reached skill level 1 in Long Blades
  1851 | D:3      | Reached skill level 1 in Axes
  1851 | D:3      | Reached skill level 1 in Maces & Flails
  1851 | D:3      | Reached skill level 1 in Polearms
  1851 | D:3      | Reached skill level 1 in Staves
  1851 | D:3      | Reached skill level 1 in Ranged Weapons
  1851 | D:3      | Reached skill level 1 in Throwing
  1851 | D:3      | Reached skill level 1 in Dodging
  1851 | D:3      | Reached skill level 1 in Shields
  1851 | D:3      | Reached skill level 1 in Evocations
  1861 | D:3      | Reached XP level 4. HP: 25/32 MP: 1/8
  2287 | D:3      | Reached skill level 1 in Conjurations
  2287 | D:3      | Reached skill level 1 in Hexes
  2287 | D:3      | Reached skill level 1 in Summonings
  2287 | D:3      | Reached skill level 1 in Necromancy
  2287 | D:3      | Reached skill level 1 in Translocations
  2287 | D:3      | Reached skill level 1 in Transmutations
  2287 | D:3      | Reached skill level 1 in Ice Magic
  2287 | D:3      | Reached skill level 1 in Air Magic
  2287 | D:3      | Reached skill level 1 in Earth Magic
  2287 | D:3      | Reached skill level 1 in Poison Magic
  2302 | D:3      | HP: 1/32 [orc/+0 club (3)]
  2305 | D:3      | Slain by an adder

Illustrated notes

Levels and vault maps discovered:
D:1:      spicycebolla_arrival_clurvy, layout_basic
D:2:      layout_rooms
D:3:      layout_loops_cross, slow_altar_2

Skill      XL: |  1  2  3  4 |
---------------+-------------+-----
Stealth        | 6 |  6.1
Invocations    | 1 |  1.3
Fighting       | 1 |  1.2
Short Blades   | 1 |  1.2
Long Blades    | 1 |  1.2
Axes           | 1 |  1.2
Maces & Flails | 1 |  1.2
Polearms       | 1 |  1.2
Staves         | 1 |  1.2
Ranged Weapons | 1 |  1.2
Throwing       | 1 |  1.2
Dodging        | 1 |  1.2
Shields        | 1 |  1.2
Evocations     | 1 |  1.2
Spellcasting   | 3 |  3.0
Conjurations   | 1 |  1.0
Hexes          | 1 |  1.0
Summonings     | 1 |  1.0
Necromancy     | 1 |  1.0
Translocations | 1 |  1.0
Transmutations | 1 |  1.0
Ice Magic      | 1 |  1.0
Air Magic      | 1 |  1.0
Earth Magic    | 1 |  1.0
Poison Magic   | 1 |  1.0
Armour         | |  2.8
Unarmed Combat | |  4.7
Fire Magic     | |  5.5

Action                     |  1- 3 |  4- 6 || total
---------------------------+-------+-------++-------
  Melee: Dagger            |    14 |       ||    14
         Bite              |     2 |     1 ||     3
         Short sword       |     8 |    17 ||    25
         Punch             |       |     2 ||     2
   Cast: Foxfire           |    44 |    24 ||    68
         Scorch            |     7 |     2 ||     9
   Stab: Sleeping          |     2 |       ||     2
 Armour: Robe              |     7 |     7 ||    14
  Dodge: Dodged            |    18 |    21 ||    39
